 Dungeon Crawl Stone Soup version 0.31-a0-925-g0a390f2509 (webtiles) character file.

Game seed: 3577919916932994603

37 vishdafish the Digger (level 3, -5/24 HPs)
             Began as a Demonspawn Earth Elementalist on Oct 10, 2023.
             Killed by divine providence
             ... invoked by an orc priest
              (13 damage)
             ... on level 3 of the Dungeon on Oct 18, 2023.
             The game lasted 00:03:52 (1981 turns).

vishdafish the Digger (DsEE)                        Turns: 1981, Time: 00:03:54

Health: -5/24      AC:  5    Str:  8    XL:     3   Next: 23%
Magic:  6/7        EV: 12    Int: 18    God:
Gold:   118        SH:  0    Dex: 13    Spells: 6/7 levels left

rFire   . . .        n - +2 hand axe (venom)
rCold   . . .        (no shield)
rNeg    . . .        a - +0 robe
rPois   .            l - +0 helmet
rElec   .            (no cloak)
rCorr   .            (no gloves)
SInv    .            (no boots)
Will    .....        (no amulet)
Stlth   +            (no ring)
HPRegen 0.24/turn    (no ring)
MPRegen 0.10/turn

%: no passive effects
@: confused
A: molten scales 1
a: no special abilities


You were on level 3 of the Dungeon.
You visited 1 branch of the dungeon, and saw 3 of its levels.

You collected 118 gold pieces.

Inventory:

Hand Weapons
 h - a +0 dagger
 n - a +2 hand axe of venom (weapon)
Armour
 a - a +0 robe (worn)
 l - a +0 helmet (worn)
Jewellery
 e - a ring of fire
Wands
 q - a wand of quicksilver (7)
Scrolls
 d - a scroll of teleportation {unknown}
 f - a scroll of poison {unknown}
 i - 2 scrolls of revelation {unknown}
 j - 5 scrolls of identify {unknown}
 k - 3 scrolls of enchant weapon {unknown}
 o - a scroll of fog {unknown}
Potions
 b - a potion of magic
 g - 2 potions of brilliance {unknown}
 m - 2 potions of haste {unknown}
 p - a potion of berserk rage {unknown}
 r - a potion of attraction {unknown}


   Skills:
 - Level 1.8 Dodging
 - Level 1.8 Stealth
 + Level 2.7 Spellcasting
 - Level 1.0 Transmutations
 + Level 3.3 Earth Magic


You had 6 spell levels left.
You knew the following spells:

 Your Spells              Type           Power      Damage    Failure   Level
a - Sandblast             Erth           28%        2d8       4%          1

Your spell library contained the following spells:

 Spells                   Type           Power      Damage    Failure   Level
 Passwall                 Tmut/Erth      8%         N/A       11%         2
 Stone Arrow              Conj/Erth      16%        3d8       26%         3
 Tukima's Dance           Hex            2%         N/A       45%         3
 Volatile Blastmotes      Fire/Tloc      4%         2d10      45%         3
 Petrify                  Tmut/Erth      10%        N/A       56%         4
 Brom's Barrelling Bould  Conj/Erth      8%         2d3       63%         4
 Fulminant Prism          Conj/Hex       1%         3d5       86%         4
 Iskenderun's Mystic Bla  Conj/Tloc      2%         2d3       86%         4
 Passage of Golubria      Tloc           2%         N/A       86%         4
 Yara's Violent Unravell  Hex/Tmut       2%         3d3       98%         5


Dungeon Overview and Level Annotations

Branches:
Dungeon (3/15)

Altars:


Innate Abilities, Weirdness & Mutations

You are partially covered in molten scales. (AC +2)


Message History

The orc priest calls down the wrath of Beogh upon you.
Pain shoots through your body!
Your magical contamination has completely faded away.
Okay, then.
It was a potion of curing.
You feel better. 2 jackals come into view.
The jackal barks!
A jackal comes into view.
The orc wizard casts a spell.
The orc wizard flickers and vanishes!
Deactivating autopickup; reactivate with Ctrl-A.
The jackal moves out of view.
You are confused.
The jackal barks!
The orc priest mumbles some strange prayers to Beogh against you.
Beogh smites you!
A kobold comes into view. It is wielding a +0 club.
Okay, then.
The kobold shouts!
The jackal closely misses you.
A jackal comes into view.
The jackal barely misses you.
A dart slug comes into view.
Found 9 gold pieces.
The jackal barks!
The jackal bites you.
You bump into the rock wall.
The jackal bites you but does no damage.
The jackal bites you. The orc hits you but does no damage.
You barely miss the jackal. You barely miss the orc. You hit the jackal.
The jackal is poisoned.
The jackal bites you. x2
The jackal barely misses you.
You miss the kobold. You barely miss the jackal. You hit the orc.
The orc is poisoned.
You miss the jackal. You closely miss something.
The jackal bites you but does no damage.
The kobold barely misses you.
The orc priest mumbles some strange prayers to Beogh against you.
Beogh smites you!
Ouch! That really hurt!
You die...

....$. .##.# .....#....###
............ .h.........
......# ........... ......
..h..... .....# #hK.# .....###
#@ho# .......#
#####o..############
.......#####...................
...............#.#........)....
.†.)..........<..#.............
##...............#.............
#...............#....#########
#...............#....#
#...............#....#


You could see an orc priest, an orc (very poisoned), 4 jackals and a kobold.

Vanquished Creatures
  A dart slug (D:1)
  An orc (D:3)
  3 ball pythons (D:1)
  3 bats
  3 endoplasms
  3 giant cockroaches (D:1)
  A hobgoblin (D:3)
  2 quokkas
  6 goblins
  7 kobolds
  2 rats
32 creatures vanquished.

Notes
Turn   | Place    | Note
-------+----------+-------------------------------------------
     0 | D:1      | vishdafish the Demonspawn Earth Elementalist began the
                  | quest for the Orb.
     0 | D:1      | Reached XP level 1. HP: 13/13 MP: 3/3
   157 | D:1      | Upgraded the game from 0.31-a0-859-g9dce7d3444 to
                  | 0.31-a0-925-g0a390f2509
   180 | D:1      | Reached skill level 1 in Transmutations
   310 | D:1      | Gained mutation: You are partially covered in molten
                  | scales. (AC +2) [demonic ancestry]
   310 | D:1      | Reached XP level 2. HP: 19/19 MP: 0/5
   445 | D:1      | Reached skill level 3 in Earth Magic
  1699 | D:2      | Reached XP level 3. HP: 24/24 MP: 6/6
  1981 | D:3      | Killed from afar by an orc priest

Illustrated notes

Levels and vault maps discovered:
D:1:      lemuel_arrival_lava_pool, layout_loops_corners
D:2:      layout_basic
D:3:      layout_basic, grunt_temple_overflow_cloverleaf, uniq_ijyb

Skill      XL: |  1  2 |
---------------+-------+-----
Transmutations | 1 |  1.0
Earth Magic    | 3 |  3.3
Dodging        | |  1.8
Stealth        | |  1.8
Spellcasting   | |  2.7

Action                     || total
---------------------------++-------
  Melee: Unarmed           ||    36
         Dagger            ||    15
         Hand axe          ||    24
   Cast: Sandblast         ||    25
    Use: Potion            ||     1
   Stab: Sleeping          ||     2
 Armour: Robe              ||    52
  Dodge: Dodged            ||    50

Table legend: (Time is in decaauts)
 A = Elapsed time spent in this place.
 B = Non-inter-level travel time spent in this place.
 C = Inter-level travel time spent in this place.
 D = Time resting spent in this place.
 E = Time spent auto-exploring this place.
 F = Levels seen in this place.
 G = Mean time per level.
                   A        B        C        D        E       F      G
               +--------+--------+--------+--------+--------+-----+--------+
         Total |   1998 |   1837 |    161 |      0 |   1562 |   3 |  666.0 |
       Dungeon |   1998 |   1837 |    161 |      0 |   1562 |   3 |  666.0 |
               +--------+--------+--------+--------+--------+-----+--------+

Top non-repeatable levels by time:
     D:1: 1391 daAuts
     D:2: 504 daAuts
     D:3: 102 daAuts
